AoeStats
← 765688104

Lombardia

510179841Analyzed
2v2 RM · 2d ago on Sep 29, 2026· 107m 10s· 4 players
Game mode
Random Map
Map size
Medium (4 player)
Population
200
Speed
Normal
Resources
Standard
Victory
Conquest
Starting age
Dark Age
Ending age
Imperial Age
RankedLock teamsTeams togetherTeam positionsShared explorationLock speedFull tech treeHidden civsTurbo modeCheats
Victory
Defeat
🇬🇷 Persians · Greece
401
+22
🇨🇲 Koreans · Cameroon
202
+29
🇨🇱 Cumans · Chile
541
-26
🇨🇱 Turks · Chile
536
-50
Dream
0:28 Loom
12:40 Feudal Age
12:58 Horse Collar
13:24 Double-Bit Axe
15:49 Wheelbarrow
16:24 Bloodlines
19:55 Arson
21:51 Scale Barding Armor
21:48 Scale Mail Armor
27:13 Forging
29:24 Padded Archer Armor
29:15 Fletching
33:25 Castle Age
34:13 Light Cavalry
34:54 Husbandry
35:11 Hand Cart
35:31 Chain Barding Armor
35:28 Chain Mail Armor
35:50 Iron Casting
35:11 Bodkin Arrow
35:32 Leather Archer Armor
35:29 Heavy Plow
35:59 Crossbowman
38:08 Thumb Ring
38:33 Parthian Tactics
40:05 Town Watch
41:11 Bow Saw
40:59 Stone Mining
40:59 Gold Mining
43:15 Guard Tower
43:57 Kamandaran
44:56 Stone Shaft Mining
44:56 Gold Shaft Mining
44:56 Masonry
44:44 Murder Holes
45:46 Caravan
46:51 Ballistics
49:38 Imperial Age
50:56 Cavalier
50:59 Heavy Cavalry Archer
52:28 Crop Rotation
53:03 Two-Man Saw
53:50 Hoardings
54:25 Plate Barding Armor
54:21 Ring Archer Armor
54:57 Chemistry
57:06 Architecture
57:40 Blast Furnace
57:12 Plate Mail Armor
56:55 Savar
58:00 Sappers
61:28 Hussar
64:11 Elite War Elephant
765688104
11:00 Feudal Age
28:19 Castle Age
31:19 Horse Collar
36:26 Gold Mining
36:26 Stone Mining
36:40 Heavy Plow
41:44 Imperial Age
39:14 Double-Bit Axe
42:24 Bow Saw
45:06 Two-Man Saw
45:59 Chemistry
44:45 Arrowslits
45:20 Fortified Wall
57:56 Gold Shaft Mining
77:47 Ballistics
Plutit00
12:22 Feudal Age
18:20 Horse Collar
19:18 Double-Bit Axe
23:42 Castle Age
27:33 Padded Archer Armor
27:28 Crossbowman
31:18 Stone Mining
31:18 Gold Mining
31:33 Heavy Plow
31:46 Bow Saw
34:30 Light Cavalry
35:22 Bloodlines
35:30 Scale Barding Armor
36:34 Caravan
37:06 Coinage
38:07 Wheelbarrow
37:20 Town Watch
37:30 Loom
39:15 Hand Cart
45:06 Imperial Age
45:31 Gold Shaft Mining
45:22 Chain Barding Armor
45:18 Leather Archer Armor
44:55 Fletching
48:49 Elite Kipchak
50:04 Conscription
49:55 Steppe Husbandry
49:55 Cavalier
49:56 Elite Steppe Lancer
52:15 Town Patrol
54:02 Plate Barding Armor
53:58 Ring Archer Armor
53:24 Bodkin Arrow
54:07 Crop Rotation
55:19 Scale Mail Armor
57:51 Chain Mail Armor
57:47 Forging
59:37 Paladin
65:32 Parthian Tactics
66:52 Pikeman
67:33 Squires
67:20 Arson
67:51 Halberdier
71:21 Chemistry
70:46 Ballistics
72:33 Plate Mail Armor
72:38 Iron Casting
77:36 Elite Skirmisher
78:23 Thumb Ring
77:41 Heavy Cavalry Archer
93:21 Man-at-Arms
94:56 Capped Ram
101:00 Long Swordsman
101:24 Siege Ram
101:37 Two-Handed Swordsman
103:11 Masonry
104:11 Two-Man Saw
Papeado
15:53 Feudal Age
24:30 Castle Age
27:52 Horse Collar
28:00 Double-Bit Axe
35:16 Guard Tower
35:40 Fortified Wall
35:34 Murder Holes
41:03 Wheelbarrow
40:13 Town Watch
40:15 Loom
41:31 Heavy Plow
41:48 Bow Saw
43:27 Caravan
46:11 Imperial Age
43:58 Masonry
43:31 Treadmill Crane
44:25 Padded Archer Armor
44:45 Forging
44:42 Scale Barding Armor
44:45 Scale Mail Armor
44:36 Fletching
53:25 Hoardings
54:56 Elite Janissary
57:12 Squires
72:15 Hand Cart
72:01 Town Patrol
76:53 Cavalier
77:35 Husbandry
77:48 Bloodlines
77:17 Heavy Camel Rider
81:58 Heavy Scorpion
93:14 Two-Man Saw
95:11 Architecture
Connection lost

Rejoining the realm…

Still unreachable

The connection could not be restored.

Session expired

The server has moved on; the page needs a fresh start.